 Dungeon Crawl Stone Soup version 0.28.0 (webtiles) character file.

Game seed: 9287447533615389487

7588 browni3141 the Fighter (level 10, -1/97 HPs)
             Began as a Minotaur Berserker on Feb 16, 2022.
             Was an Elder of Trog.
             Slain by a white ugly thing (29 damage)
             ... on level 9 of the Dungeon.
             The game lasted 00:05:09 (9953 turns).

browni3141 the Fighter (Minotaur Berserker)         Turns: 9953, Time: 00:05:10

Health: -1/97      AC: 22    Str: 25    XL:     10   Next: 97%
Magic:  9/9        EV:  6    Int:  4    God:    Trog [****..]
Gold:   408        SH:  6    Dex: 11    Spells: 9/9 levels left

rFire   . . .      SeeInvis .   s - +0 war axe
rCold   . . .      Faith    .   I - +0 kite shield
rNeg    . . .      Spirit   .   q - +0 plate armour
rPois   .          Reflect  .   (helmet restricted)
rElec   .          Harm     .   (no cloak)
rCorr   .          Rampage  .   d - +2 pair of gloves
Will    +....                   (no boots)
Stlth   ..........              (no amulet)
HPRegen 0.26/turn               D - +4 ring of protection
MPRegen 0.11/turn               L - ring of willpower

@: on berserk cooldown, slowed, very slow
A: horns 2, retaliatory headbutt
a: Renounce Religion, Berserk, Trog's Hand, Brothers in Arms


You were on level 9 of the Dungeon.
You worshipped Trog.
Trog was greatly pleased with you.
You visited 2 branches of the dungeon, and saw 10 of its levels.

You collected 408 gold pieces.

Inventory:

Hand Weapons
 a - a +0 hand axe
 s - a +0 war axe (weapon)
Armour
 b - a +0 animal skin
 d - a +2 pair of gloves (worn)
 q - a +0 plate armour (worn)
 I - a +0 kite shield (worn)
Jewellery
 e - a ring of protection from cold
 w - a ring of magical power
 D - a +4 ring of protection (left hand)
 H - a ring of positive energy
 L - a ring of willpower (right hand)
Wands
 l - a wand of iceblast (18)
 v - a wand of flame (21) (quivered)
 E - a wand of mindburst (15)
Scrolls
 c - 5 scrolls of identify {unknown}
 f - 3 scrolls of amnesia {unknown}
 g - 2 scrolls of immolation {unknown}
 i - a scroll of brand weapon {unknown}
 k - 2 scrolls of enchant weapon {unknown}
 m - 2 scrolls of blinking {unknown}
 p - 2 scrolls of fear {unknown}
 r - 5 scrolls of teleportation {unknown}
 u - a scroll of magic mapping {unknown}
 x - a scroll of noise {unknown}
 y - 2 scrolls of vulnerability {unknown}
 A - 3 scrolls of fog {unknown}
 B - a scroll of torment {unknown}
 F - a scroll of acquirement {unknown}
 K - a scroll of enchant armour {unknown}
Potions
 h - 2 potions of lignification {unknown}
 j - 2 potions of might {unknown}
 n - 3 potions of curing {unknown}
 o - 4 potions of mutation {unknown}
 t - 3 potions of resistance {unknown}
 z - a potion of attraction {unknown}
 C - a potion of haste {unknown}
 G - a potion of berserk rage {unknown}
 J - a potion of cancellation {unknown}


   Skills:
 + Level 11.8 Fighting
 + Level 11.4 Axes
 + Level 11.2 Armour
 - Level 2.1 Dodging
 - Level 5.0 Evocations


You had 9 spell levels left.
You didn't know any spells.
Your spell library was empty.

Dungeon Overview and Level Annotations

Branches:
Dungeon (9/15)             Temple (1/1) D:6
   Lair: D:8-11         Orc: D:9-12

Altars:
Ashenzari
Elyvilon
Fedhas
Gozag
Kikubaaqudgha
Makhleb
Okawaru
Qazlal
Ru
Uskayaw
Vehumet
Wu Jian
Xom
Yredelemnul
Zin
The Shining One

Shops:
D:2 *

Annotations:
D:4 Dowan, Duvessa


Innate Abilities, Weirdness & Mutations

You have a pair of horns on your head.
You reflexively headbutt those who attack you in melee.


Message History

Your skin stops crawling.
You feel less strong-willed.
You hear the faint creaking of a distant portcullis.
A white ugly thing comes into view.
The white ugly thing gurgles horribly!
Found 17 gold pieces.
You block the white ugly thing's attack.
You slash the white ugly thing!
Your headbutt misses the white ugly thing.
The white ugly thing is lightly wounded.
The white ugly thing tentacle-slaps you but does no damage. x2
You slash the white ugly thing!
Your headbutt misses the white ugly thing.
The white ugly thing is heavily wounded.
The white ugly thing tentacle-slaps you but does no damage. x2
You hit the white ugly thing.
Your headbutt misses the white ugly thing.
The white ugly thing is heavily wounded.
The white ugly thing tentacle-slaps you but does no damage.
You slash the white ugly thing!
You headbutt the white ugly thing, but do no damage.
The white ugly thing is severely wounded.
The white ugly thing barely misses you.
The white ugly thing tentacle-slaps you!
The white ugly thing freezes you!!
You slash the white ugly thing!
The white ugly thing is almost dead.
The white ugly thing barely misses you. You furiously retaliate!
You headbutt the white ugly thing.
The white ugly thing closely misses you.
You hit the white ugly thing.
Your headbutt misses the white ugly thing.
The white ugly thing is almost dead.
The white ugly thing tentacle-slaps you but does no damage.
You barely miss the white ugly thing.
Your headbutt misses the white ugly thing.
The white ugly thing is almost dead.
The white ugly thing tentacle-slaps you!
* * * LOW HITPOINT WARNING * * *
The white ugly thing freezes you!!
You die...

#.# #.# ##### #.# #....
###.### #[### .....#
#.... #.#.### #....
##.####.....########....
.$....u@................
#.#######.........†..#..
###.###......... #.#
#.####.##. #.# #.# #.# .
#.# #.# #.. . ... ...
..(. ..# #.# #..#. ..#
#.# ##.#.


You could see a white ugly thing.

Vanquished Creatures
  A boulder beetle (D:7)
  A two-headed ogre (D:8)
  The ghost of TheOneDM the Cleaver, a novice MiFi of Okawaru (D:7)
  A skeletal warrior (D:8)
  A moth of wrath (shapeshifter) (D:8)
  A komodo dragon (D:9)
  A troll (D:9)
  A hornet (D:8)
  A wyvern (D:7)
  3 steam dragons
  Edmund (D:4)
  A vampire mosquito (D:7)
  2 water moccasins (D:7)
  2 orc warriors (D:7)
  A black bear (D:8)
  An ice beast (D:6)
  A necrophage (D:7)
  5 ogres
  4 centaurs
  Blork the orc (D:4)
  2 bullfrogs (D:7)
  2 scorpions
  2 water moccasin skeletons
  A wight (D:8)
  4 howler monkeys (D:8)
  2 bullfrog zombies
  4 jellies
  A centaur zombie (D:5)
  2 bullfrog skeletons (D:6)
  4 orc priests
  2 hounds (D:7)
  A centaur skeleton (D:6)
  A gnoll shaman (D:7)
  5 iguanas
  6 orc wizards
  Terence (D:3)
  2 hound skeletons
  5 gnolls (D:7)
  8 adders
  2 shadow imps (D:5)
  4 white imps
  An adder skeleton (D:4)
  3 worms
  3 dart slugs
  37 orcs
  4 ball pythons
  2 endoplasms (D:3)
  3 giant cockroaches
  4 goblins
  8 hobgoblins
  2 jackals (D:1)
  15 kobolds
  5 quokkas
  2 bats
  10 frilled lizards
  2 rats
193 creatures vanquished.

Vanquished Creatures (collateral kills)
  A cyclops (D:8)
  A wyvern zombie (D:8)
  An orc (D:8)
3 creatures vanquished.

Vanquished Creatures (others)
  An ice beast (D:8)
  An orc (D:8)
  4 plants (D:9)
6 creatures vanquished.

Grand Total: 202 creatures vanquished

Notes
Turn   | Place    | Note
-------+----------+-------------------------------------------
     0 | D:1      | browni3141 the Minotaur Berserker began the quest for the
                  | Orb.
     0 | D:1      | Reached XP level 1. HP: 19/19 MP: 0/0
   121 | D:1      | Reached XP level 2. HP: 20/27 MP: 1/1
   721 | D:2      | Found a faded altar of an unknown god.
   939 | D:2      | Reached XP level 3. HP: 29/33 MP: 2/2
  1124 | D:2      | Reached ** piety under Trog
  1202 | D:2      | Found Sidamnen's Assorted Antiques.
  1734 | D:3      | Reached XP level 4. HP: 41/41 MP: 3/3
  1738 | D:3      | Noticed Terence
  1749 | D:3      | Killed Terence
  1909 | D:3      | Found a hide-covered altar of Uskayaw.
  1911 | D:3      | Noticed a +0 dagger
  1911 | D:3      | Noticed a +0 hand axe
  2546 | D:4      | Noticed Blork the orc
  2557 | D:4      | Killed Blork the orc
  2558 | D:4      | Reached skill level 5 in Fighting
  2558 | D:4      | Reached skill level 5 in Axes
  2558 | D:4      | Reached XP level 5. HP: 48/48 MP: 4/4
  2688 | D:4      | Found a shimmering altar of Xom.
  2691 | D:4      | Noticed Dowan
  2708 | D:4      | Found a basalt altar of Yredelemnul.
  2769 | D:4      | Found a radiant altar of Vehumet.
  2781 | D:4      | Noticed Edmund
  2791 | D:4      | Killed Edmund
  2792 | D:4      | Reached skill level 5 in Armour
  2792 | D:4      | Reached XP level 6. HP: 53/57 MP: 5/5
  2897 | D:4      | Noticed Duvessa
  2939 | D:4      | Found a white marble altar of Elyvilon.
  2981 | D:4      | Found a glowing golden altar of the Shining One.
  3282 | D:4      | Found a burning altar of Makhleb.
  3362 | D:4      | Reached *** piety under Trog
  3522 | D:5      | Entered Level 5 of the Dungeon
  3530 | D:5      | Reached XP level 7. HP: 47/64 MP: 6/6
  3845 | D:5      | Found a transporter.
  3999 | D:5      | Found a transporter.
  4653 | D:5      | Reached XP level 8. HP: 57/73 MP: 7/7
  4928 | D:6      | Reached skill level 1 in Evocations
  5602 | D:6      | Found a staircase to the Ecumenical Temple.
  5957 | Temple   | Entered the Ecumenical Temple
  6180 | D:7      | Reached XP level 9. HP: 62/82 MP: 8/8
  7101 | D:7      | Reached **** piety under Trog
  7248 | D:7      | Noticed a boulder beetle
  7270 | D:7      | Killed a boulder beetle
  7271 | D:7      | Reached skill level 5 in Evocations
  7419 | D:7      | Reached skill level 10 in Fighting
  7697 | D:7      | Found a runed translucent door.
  7698 | D:7      | Noticed TheOneDM's ghost (novice MiFi)
  7952 | D:7      | Killed TheOneDM's ghost
  7953 | D:7      | Reached XP level 10. HP: 49/94 MP: 9/9
  8248 | D:8      | Identified the +7 dagger of the End {pain, Str+4 Dex+2}
  8265 | D:8      | Noticed a two-headed ogre
  8268 | D:8      | Noticed a skeletal warrior
  8268 | D:8      | Noticed a cyclops
  8281 | D:7      | Reached skill level 10 in Axes
  8684 | D:8      | Noticed a moth of wrath
  8684 | D:8      | a dream sheep changed into a moth of wrath
  8691 | D:8      | Killed a moth of wrath
  8692 | D:8      | Reached skill level 10 in Armour
  8854 | D:8      | Killed a cyclops
  9234 | D:8      | Killed a skeletal warrior
  9722 | D:8      | Killed a two-headed ogre
  9944 | D:9      | Noticed a white ugly thing
  9953 | D:9      | Slain by a white ugly thing

Illustrated notes

Levels and vault maps discovered:
D:1:      dpeg_arrival_windows_large_door, layout_loops_ring
D:2:      layout_basic, serial_shops, nicolae_shop_hallway_plus,
          hellmonk_ecumenical_altar_inner_sanctum, minmay_goblin_kobold_house
D:3:      layout_loops_ring, dancing_weapons_uskayaw, uniq_terence
D:4:      layout_basic, nicolae_overflow_hidden_temple, lemuel_tele_altar,
          nicolae_overflow_quartered_altars, uniq_duvessa, uniq_edmund,
          uniq_blork_the_orc
D:5:      gammafunk_wand_slinger, layout_basic
D:6:      layout_basic, temple_statues
D:7:      minmay_opposing_rooms, layout_loops_cross, gammafunk_ghost_grave
D:8:      nzn_winding_woodlands_small [nzn_winding_woodlands_5x15_pool,
          nzn_winding_woodlands_center_triple_pond,
          nzn_winding_woodlands_5x15_pockets], layout_basic, minivault_21
D:9:      layout_loops_ring, enter_bailey_6, minmay_lizard_king, uniq_psyche,
          uniq_grum
Temple:   eino_narrow_crystal_temple

Skill      XL: |  1  2  3  4  5  6  7  8  9 10 |
---------------+-------------------------------+-----
Fighting       | 4 5 6 7 8 10 11 | 11.8
Axes           | 4 5 6 7 8 9 11 | 11.4
Armour         | 3 4 5 6 7 9 11 | 11.2
Evocations     | 4 5 |  5.0
Dodging        | |  2.1

Action                   |  1- 3 |  4- 6 |  7- 9 | 10-12 || total
-------------------------+-------+-------+-------+-------++-------
Melee: Hand axe          |    52 |   113 |       |       ||   165
       Headbutt          |     7 |    15 |    52 |    18 ||    92
       Punch             |     1 |     3 |       |       ||     4
       War axe           |       |     4 |   240 |   108 ||   352
Invok: Berserk           |       |     3 |     7 |     5 ||    15
       Trog's Hand       |       |       |       |     2 ||     2
       Brothers in Arms  |       |       |       |     1 ||     1
Evoke: Wand              |       |       |     9 |       ||     9
Armor: Animal skin       |    19 |    11 |       |       ||    30
       Plate armour      |       |    40 |   158 |    77 ||   275
Dodge: Dodged            |    49 |    43 |    93 |    42 ||   227
Block: Kite shield       |       |       |     3 |    63 ||    66
